 Dungeon Crawl Stone Soup version 0.21.0-3-g78d12a8 (webtiles) character file.

882 ScottishVillain the Bolt Thrower (level 7, 0/53 HPs)
             Began as a Demonspawn Wanderer on Jan 10, 2018.
             Was a Follower of Qazlal.
             Killed by divine providence
             ... invoked by an orc priest
              (8 damage)
             ... on level 6 of the Dungeon on Jan 11, 2018.
             The game lasted 01:02:31 (5655 turns).

ScottishVillain the Bolt Thrower (DsWn)             Turns: 5655, Time: 01:02:32

Health: 0/53       AC: 10    Str: 12    XL:     7   Next: 76%
Magic:  7/7        EV:  5    Int: 14    God:    Qazlal [*.....]
Gold:   29         SH:  9    Dex: 16    Spells: 6/6 levels left

rFire    . . .     SeeInvis .   x - +2 dagger (freeze)
rCold    . . .     Gourm    .   j - +0 shield
rNeg     . . .     Faith    .   o - +0 chain mail
rPois    .         Spirit   .   (no helmet)
rElec    .         Reflect  .   s - scarf {repulsion}
rCorr    .         Harm     .   u - +0 pair of gloves
MR       +....     Clarity  +   (no boots)
Stlth    ..........             m - amulet of rage
HPRegen  0.17/turn              l - ring of protection from magic
MPRegen  0.10/turn              (no ring)

@: repel missiles
A: hooves 2, blurry vision 1, clarity, clever 1, demonic guardian 1, low mp 1,
sturdy frame 2
a: Renounce Religion, Evoke Berserk Rage


You were on level 6 of the Dungeon.
You worshipped Qazlal.
Qazlal was aware of your devotion.
You were not hungry.

You visited 1 branch of the dungeon, and saw 6 of its levels.

You collected 133 gold pieces.
You spent 104 gold pieces at shops.

Inventory:

Hand Weapons
 a - a +2 hand crossbow
 g - a +0 spear
 x - a +2 dagger of freezing (weapon)
Missiles
 b - 44 bolts
 e - 264 stones (quivered)
 h - 72 sling bullets
 i - 5 tomahawks
 p - 45 arrows
Armour
 j - a +0 shield (worn)
 o - a +0 chain mail (worn)
 s - a scarf of repulsion (worn)
 u - a +0 pair of gloves (worn)
Jewellery
 l - a ring of protection from magic (left hand)
 m - an amulet of rage (around neck)
 z - an uncursed amulet of guardian spirit
Wands
 n - a wand of iceblast (3)
Scrolls
 r - a scroll of enchant weapon {unknown}
 t - a scroll of teleportation
 v - a scroll of immolation
 y - 2 scrolls of fog
Potions
 c - a potion of flight {unknown}
 d - 3 potions of curing
 k - a potion of haste
 q - 2 potions of degeneration {unknown}
 w - a potion of lignification {unknown}
 A - a potion of cancellation {unknown}
Comestibles
 f - 4 rations
 B - a chunk of flesh


   Skills:
 + Level 3.7 Fighting
 + Level 0.7 Short Blades
 + Level 0.2 Polearms
 + Level 7.7 Crossbows
 + Level 3.0 Armour
 + Level 1.0 Dodging
 + Level 1.3 Stealth
 + Level 1.2 Shields
 + Level 1.3 Evocations


You had 6 spell levels left.
You didn't know any spells.

Dungeon Overview and Level Annotations

Branches:
Dungeon (6/15)
 Temple: D:4-7

Altars:
Ashenzari
Fedhas
Gozag
Nemelex Xobeh
Okawaru
Qazlal
Uskayaw
Yredelemnul

Shops:
D:5 !


Innate Abilities, Weirdness & Mutations

You have hoof-like feet.
A weak demonic guardian rushes to your aid.
Your movements are less encumbered by armour. (ER -4)
Scrolls take you a little longer to read.
You possess an exceptional clarity of mind.
Your mind is acute. (Int +2)
Your magical capacity is low. (-10% MP)


Message History

The orc warrior is heavily wounded.
You hear a shout!
The orc warrior hits you with a battleaxe.
The orc priest invokes the aid of Beogh against you.
Beogh smites you!
You hit the orc warrior but do no damage.
The orc warrior is heavily wounded.
You block the orc warrior's attack.
The orc priest invokes the aid of Beogh against you.
Beogh smites you!
You hit the orc warrior. You freeze the orc warrior.
The orc warrior is severely wounded.
The orc priest mumbles some strange prayers to Beogh against you.
Beogh smites you!
The orc warrior hits you with a battleaxe!
* * * LOW HITPOINT WARNING * * *
You swap places.
The orc priest calls down the wrath of Beogh upon you.
Beogh smites you!
You die...

##########
##...##...
##.>...#.#
######........#
#............<#
#5####.....)..#
#.# ##.....#.#
#@# ##...##.#
#5# ##.###.#
#o# #.....# #.#
####### #o#
..[o..oo#
##...)o).
#........
...o.(#+#..


You could see an orc warrior, an orc priest, an orc wizard, 2 orcs, a friendly
iron imp and a friendly white imp.

Vanquished Creatures
  The ghost of nht the Grappler, a novice TrBe of Trog (D:4)
  A centaur zombie (D:5)
  A hound (D:4)
  An orc priest (D:3)
  A bullfrog skeleton (D:5)
  2 orc wizards
  2 worker ants (D:5)
  3 gnolls (D:5)
  6 adders
  3 oozes
  3 dart slugs
  4 leopard geckos
  22 orcs
  2 ball pythons
  7 bats
  2 giant cockroaches
  8 goblins
  3 hobgoblins (D:1)
  8 jackals
  6 kobolds
  2 quokkas
  5 frilled lizards
  A giant cockroach zombie (D:5)
  A quokka skeleton (D:4)
  5 rats
  A plant (D:3)
101 creatures vanquished.

Vanquished Creatures (collateral kills)
  An ice beast (D:5)
  A centaur (D:6)
  A jelly (D:5)
  Jessica (D:3)
  A gnoll (D:5)
  A rat (D:3)
6 creatures vanquished.

Grand Total: 107 creatures vanquished

Notes
Turn   | Place    | Note
-------+----------+-------------------------------------------
     0 | D:1      | ScottishVillain the Demonspawn Wanderer began the quest for the Orb.
     0 | D:1      | ScottishVillain set off with: a +2 hand crossbow, 24 bolts, a +0 ring mail, a potion of curing, a ration
     0 | D:1      | Reached XP level 1. HP: 16/16 MP: 1/1
   196 | D:1      | Gained mutation: Your movements are slightly less encumbered by armour. (ER -2) [demonic ancestry]
   196 | D:1      | Reached XP level 2. HP: 22/22 MP: 2/2
   247 | D:1      | Reached skill level 5 in Crossbows
   606 | D:1      | Gained mutation: A weak demonic guardian rushes to your aid. [demonic ancestry]
   606 | D:1      | Reached XP level 3. HP: 27/27 MP: 3/3
  1489 | D:3      | Noticed Jessica
  1501 | D:3      | Killed Jessica
  1501 | D:3      | Gained mutation: You have large cloven feet. [demonic ancestry]
  1501 | D:3      | Reached XP level 4. HP: 12/34 MP: 4/4
  2821 | D:3      | Found an iron altar of Okawaru.
  2824 | D:3      | Found a stormy altar of Qazlal.
  2846 | D:3      | Became a worshipper of Qazlal Stormbringer
  3088 | D:3      | Reached XP level 5. HP: 27/39 MP: 5/5
  3889 | D:4      | Reached skill level 1 in Dodging
  4291 | D:4      | Noticed nht's ghost (novice TrBe)
  4301 | D:4      | Killed nht's ghost
  4301 | D:4      | Reached skill level 6 in Crossbows
  4301 | D:4      | Gained mutation: You have hoof-like feet. [demonic ancestry]
  4301 | D:4      | Reached XP level 6. HP: 47/47 MP: 6/6
  4301 | D:4      | Gained mutation: Your movements are less encumbered by armour. (ER -4) [demonic ancestry]
  4301 | D:4      | Reached XP level 7. HP: 52/52 MP: 7/7
  4412 | D:4      | Reached * piety under Qazlal
  4475 | D:4      | Reached skill level 7 in Crossbows
  4583 | D:4      | Found a hide-covered altar of Uskayaw.
  4675 | D:5      | Entered Level 5 of the Dungeon
  4675 | D:5      | Found Fihotole's Distillery.
  4699 | D:5      | Bought a potion of mutation for 104 gold pieces
  4702 | D:5      | Gained mutation: Scrolls take you a little longer to read. [potion of mutation]
  4702 | D:5      | Gained mutation: Your magical capacity is low. (-10% MP) [potion of mutation]
  4702 | D:5      | Gained mutation: Your mind is acute. (Int +2) [potion of mutation]
  4702 | D:5      | Gained mutation: You possess an exceptional clarity of mind. [potion of mutation]
  4858 | D:5      | Found a shattered altar of Ashenzari.
  5052 | D:5      | Reached skill level 1 in Shields
  5407 | D:5      | Found an opulent altar of Gozag.
  5407 | D:5      | Found a basalt altar of Yredelemnul.
  5414 | D:5      | Found a blossoming altar of Fedhas.
  5416 | D:5      | Found a sparkling altar of Nemelex Xobeh.
  5418 | D:5      | Found a faded altar of an unknown god.
  5655 | D:6      | Killed from afar by an orc priest

Skill      XL: |  1  2  3  4  5  6  7 |
---------------+----------------------+-----
Crossbows      | 5 6 7 |  7.7
Armour         | 2 3 |  3.0
Dodging        | 1 |  1.0
Fighting       | 3 |  3.7
Shields        | 1 |  1.2
Short Blades   | |  0.7
Polearms       | |  0.2
Stealth        | |  1.3
Evocations     | |  1.3

Action                   |  1- 3 |  4- 6 |  7- 9 || total
-------------------------+-------+-------+-------++-------
Melee: Spear             |     8 |    42 |     2 ||    52
       Short sword       |    32 |       |       ||    32
       Dagger            |    28 |    86 |    14 ||   128
       Kick              |       |    41 |     3 ||    44
 Fire: Hand crossbow     |    68 |    66 |    68 ||   202
Throw: Stone             |     5 |       |       ||     5
Evoke: Wand              |       |     2 |     3 ||     5
  Use: Scroll            |     4 |     3 |     4 ||    11
       Potion            |       |     1 |     1 ||     2
  Eat: Chunk             |     2 |     2 |     2 ||     6
       Ration            |       |     2 |     1 ||     3
Armor: Ring mail         |    45 |     3 |       ||    48
       Chain mail        |       |    39 |    26 ||    65
Dodge: Dodged            |    53 |    21 |     6 ||    80
       Deflected         |       |       |     2 ||     2
Block: Shield            |       |    21 |    15 ||    36
